 Dungeon Crawl Stone Soup version 0.29.1-15-g9cfb28693d (webtiles) character file.

Game seed: 10176918810280097763

670953 Peloso the Minotaur Barricade (level 27, -5/273 HPs)
             Began as a Minotaur Fighter on Mar 27, 2023.
             Was the Champion of Okawaru.
             Killed by a royal mummy's death curse (22 damage)
             ... in the Arena on Mar 28, 2023.
             The game lasted 04:55:14 (81127 turns).

Peloso the Minotaur Barricade (Minotaur Fighter)   Turns: 81127, Time: 04:55:19

Health: -5/273     AC: 66    Str: 42      XL:     27
Magic:  30/36      EV: 14    Int: 10 (13) God:    Okawaru [******]
Gold:   7026       SH: 32    Dex: 19      Spells: 26/26 levels left

rFire   + + +      SeeInvis +   b - +7 Singing Sword {vorpal, sonic wave}
rCold   + . .      Faith    .   d - +1 tower shield of Dyspraxia {rF+ Int+4 Dex+4}
rNeg    + . .      Spirit   .   i - +21 crystal plate armour of Fun and Games {+Inv Slay+2}
rPois   +          Reflect  +   V - +3 hat of Okawaru's Favour {Will+}
rElec   +          Harm     .   e - +2 cloak of the Present {rCorr Int+3}
rCorr   +          Rampage  .   n - +1 pair of gloves of Zis Gegeluku {rCorr Stlth+}
Will    +++..                   N - +0 pair of boots of the Lair of Beasts {rElec Str+2 Slay+2}
Stlth   ..........              Q - amulet "Qaczo" {Reflect Str+3 Int+5 SH+5}
HPRegen 0.55/turn               D - ring of Neahuwo {rF++ rC+ rN+}
MPRegen 0.25/turn               m - ring "Jyobesam" {rPois rF+ Str+2 Int-3 SInv}

@: hasted, very quick
A: horns 2, retaliatory headbutt, iridescent scales 1, thin skeletal structure
1, strong 1
}: 4/15 runes: serpentine, barnacled, slimy, silver
a: Renounce Religion, Evoke Invisibility, Heroism, Finesse, Duel


You were in the Arena.
You worshipped Okawaru.
Okawaru was exalted by your worship.
You visited 12 branches of the dungeon, and saw 52 of its levels.
You visited 2 bazaars.
You visited 1 ziggurat, and saw 19 of its levels.
You also visited: Gauntlet and Ice Cave.

You collected 11406 gold pieces.
You spent 4380 gold pieces at shops.

Inventory:

Hand Weapons
 a - the +2 Maxwell's thermic engine {flame, freeze}
   (You found it in an ice cave)

   It burns those it strikes, dealing additional fire damage.
   Big, fiery blades are also staple armaments of hydra-hunters.
   It freezes those it strikes, dealing additional cold damage.
   It can also slow down cold-blooded creatures.
   It becomes more effective when it hits something.
   This effect fades over time.
 b - the +7 Singing Sword (weapon) {vorpal, sonic wave}
   (Okawaru gifted it to you on level 5 of the Lair of Beasts)

   It inflicts extra damage upon your enemies.
   It radiates damaging sonic waves as it strikes, especially in combat
   involving dangerous or numerous foes.
 c - the +8 autumn katana {vorpal, manifold assault}
   (You found it on level 16 of a ziggurat)

   It sometimes launches melee attacks against multiple visible enemies.
 q - the +11 scimitar "Beetleslayer" {holy, rPois rC+ Int+6}
   (You found it on level 1 of the Depths)

   It has been blessed by the Shining One to cause great damage to the undead
   and demons.
   Int:       It affects your intelligence (+6).
   rC:        It protects you from cold.
   rPois:     It protects you from poison.
Armour
 d - the +1 tower shield of Dyspraxia (worn) {rF+ Int+4 Dex+4}
   (Okawaru gifted it to you on level 4 of the Shoals)

   Int:       It affects your intelligence (+4).
   Dex:       It affects your dexterity (+4).
   rF:        It protects you from fire.
 e - the +2 cloak of the Present (worn) {rCorr Int+3}
   (You found it on level 3 of the Elven Halls)

   Int:       It affects your intelligence (+3).
   rCorr:     It protects you from acid and corrosion.
 i - the +21 crystal plate armour of Fun and Games (worn) {+Inv Slay+2}
   (Okawaru gifted it to you on level 2 of the Elven Halls)

   Slay:      It affects your accuracy & damage with ranged weapons and melee
   (+2).
   +Inv:      It lets you turn invisible.
 n - the +1 pair of gloves of Zis Gegeluku (worn) {rCorr Stlth+}
   (Okawaru gifted it to you on level 4 of the Depths)

   rCorr:     It protects you from acid and corrosion.
   Stlth:     It makes you more stealthy.
 r - +1 pearl dragon scales
 w - the +0 hat of Shielding {rF+ rC++ rN+}
   (Okawaru gifted it to you on level 2 of the Vaults)

   rF:        It protects you from fire.
   rC:        It greatly protects you from cold.
   rN:        It protects you from negative energy.
 N - the +0 pair of boots of the Lair of Beasts (worn) {rElec Str+2 Slay+2}
   (You found it on level 2 of the Shoals)

   Str:       It affects your strength (+2).
   Slay:      It affects your accuracy & damage with ranged weapons and melee
   (+2).
   rElec:     It insulates you from electricity.
 R - the -2 pair of boots of the Ladybird {Will+ Dex+2 Slay+3}
   (You found it on level 3 of the Depths)

   Dex:       It affects your dexterity (+2).
   Slay:      It affects your accuracy & damage with ranged weapons and melee
   (+3).
   Will:      It increases your willpower.
 V - the +3 hat of Okawaru's Favour (worn) {Will+}
   (Okawaru gifted it to you on level 2 of the Orcish Mines)

   Will:      It increases your willpower.
Jewellery
 l - an amulet of regeneration
 m - the ring "Jyobesam" (right hand) {rPois rF+ Str+2 Int-3 SInv}
   (You took it off an ironbound preserver on level 5 of the Vaults)

   [ring of poison resistance]

   Str:       It affects your strength (+2).
   Int:       It affects your intelligence (-3).
   rF:        It protects you from fire.
   rPois:     It protects you from poison.
   SInv:      It lets you see invisible.
 v - the ring "Earthly Heaven" {Ice rElec Str+7 Int-2 Dex+2}
   (You found it on level 8 of a ziggurat)

   [ring of ice]

   It enhances your ice magic.
   Str:       It affects your strength (+7).
   Int:       It affects your intelligence (-2).
   Dex:       It affects your dexterity (+2).
   rF:        It makes you vulnerable to fire.
   rC:        It protects you from cold.
   rElec:     It insulates you from electricity.
 y - the macabre finger necklace {rN+}
   (You found it on level 13 of a ziggurat)

   [amulet of nothing]

   It enables you to equip an extra ring.
   rN:        It protects you from negative energy.
 D - the ring of Neahuwo (left hand) {rF++ rC+ rN+}
   (You found it on level 3 of the Snake Pit)

   [ring of protection from cold]

   rF:        It greatly protects you from fire.
   rC:        It protects you from cold.
   rN:        It protects you from negative energy.
 Q - the amulet "Qaczo" (around neck) {Reflect Str+3 Int+5 SH+5}
   (You found it on level 3 of the Elven Halls)

   [amulet of reflection]

   It reflects blocked missile attacks.
   Str:       It affects your strength (+3).
   Int:       It affects your intelligence (+5).
   SH:        It affects your SH (+5).
Wands
 U - a wand of digging (10)
Scrolls
 h - 6 scrolls of magic mapping
 o - 10 scrolls of fear
 s - 10 scrolls of poison
 t - 25 scrolls of teleportation
 z - 4 scrolls of amnesia
 A - 5 scrolls of enchant armour
 B - 2 scrolls of enchant weapon
 G - 6 scrolls of immolation
 J - 7 scrolls of blinking
Potions
 g - 31 potions of curing
 j - 9 potions of haste
 k - 14 potions of mutation
 p - 6 potions of might
 C - 4 potions of resistance
 F - 8 potions of flight
 W - 5 potions of berserk rage
 Z - 3 potions of invisibility


   Skills:
 O Level 27 Fighting
 O Level 27 Long Blades
 + Level 5.0 Maces & Flails
 O Level 27 Armour
 + Level 8.0 Dodging
 + Level 8.3 Stealth
 O Level 27 Shields
 + Level 21.6 Invocations
 + Level 9.5 Evocations


You had 26 spell levels left.
You didn't know any spells.
Your spell library contained the following spells:

 Spells                   Type           Power      Damage    Failure   Level
 Apportation              Tloc           0%         N/A       77%         1
 Beastly Appendage        Tmut           0%         N/A       77%         1
 Magic Dart               Conj           0%         1d3       77%         1
 Necrotise                Necr           0%         1d4       77%         1
 Sandblast                Erth           0%         2d4       77%         1
 Shock                    Conj/Air       0%         1d3       77%         1
 Blink                    Tloc           0%         N/A       88%         2
 Ensorcelled Hibernation  Hex/Ice        0%         N/A       88%         2
 Passwall                 Tmut/Erth      0%         N/A       88%         2
 Poisonous Vapours        Pois/Air       0%         N/A       88%         2
 Static Discharge         Conj/Air       0%         3-3/arc   88%         2
 Sublimation of Blood     Necr           0%         N/A       88%         2
 Wereblood                Tmut           0%         N/A       88%         2
 Confusing Touch          Hex            0%         N/A       98%         3
 Conjure Flame            Conj/Fire      0%         6-21      98%         3
 Dazzling Flash           Conj/Hex       0%         N/A       98%         3
 Frozen Ramparts          Ice            0%         1d1       98%         3
 Gell's Gravitas          Tloc           0%         N/A       98%         3
 Ignite Poison            Fire/Tmut/Pois 0%         N/A       98%         3
 Inner Flame              Hex/Fire       0%         N/A       98%         3
 Lesser Beckoning         Tloc           0%         N/A       98%         3
 Mephitic Cloud           Conj/Pois/Air  0%         N/A       98%         3
 Ozocubu's Armour         Ice            0%         N/A       98%         3
 Portal Projectile        Hex/Tloc       0%         N/A       98%         3
 Spider Form              Tmut/Pois      0%         N/A       98%         3
 Stone Arrow              Conj/Erth      0%         3d7       98%         3
 Swiftness                Air            0%         N/A       98%         3
 Teleport Other           Tloc           0%         N/A       98%         3
 Airstrike                Air            0%         2d(0-16)  100%        4
 Anguish                  Hex/Necr       0%         N/A       100%        4
 Corpse Rot               Necr/Pois/Air  0%         N/A       100%        4
 Dispel Undead            Necr           0%         3d6       100%        4
 Flame Wave               Conj/Fire      0%         2d4       100%        4
 Fulminant Prism          Conj/Hex       0%         3d6       100%        4
 Hailstorm                Conj/Ice       0%         3d3       100%        4
 Ice Form                 Ice/Tmut       0%         N/A       100%        4
 Iskenderun's Mystic Bla  Conj/Tloc      0%         2d3       100%        4
 Leda's Liquefaction      Hex/Erth       0%         N/A       100%        4
 Petrify                  Tmut/Erth      0%         N/A       100%        4
 Sticky Flame             Conj/Fire      0%         2d3       100%        4
 Alistair's Intoxication  Tmut/Pois      0%         N/A       100%        5
 Blade Hands              Tmut           0%         N/A       100%        5
 Borgnjor's Vile Clutch   Necr/Erth      0%         N/A       100%        5
 Fireball                 Conj/Fire      0%         3d3       100%        5
 Freezing Cloud           Conj/Ice/Air   0%         6-21      100%        5
 Irradiate                Conj/Tmut      0%         3d11      100%        5
 Iskenderun's Battlesphe  Conj           0%         2d6       100%        5
 Lee's Rapid Deconstruct  Erth           0%         3d5*      100%        5
 Lightning Bolt           Conj/Air       0%         1d11      100%        5
 Manifold Assault         Tloc           0%         N/A       100%        5
 Metabolic Englaciation   Hex/Ice        0%         N/A       100%        5
 Yara's Violent Unravell  Hex/Tmut       0%         3d3       100%        5
 Conjure Ball Lightning   Conj/Air       0%         3x3d6     100%        6
 Dispersal                Tloc           0%         N/A       100%        6
 Eringya's Noxious Bog    Tmut/Pois      0%         N/A       100%        6
 Iron Shot                Conj/Erth      0%         9d1       100%        6
 Starburst                Conj/Fire      0%         6d3       100%        6
 Statue Form              Tmut/Erth      0%         N/A       100%        6
 Enfeeble                 Hex            0%         N/A       100%        7
 Orb of Destruction       Conj           0%         9d5       100%        7
 Ozocubu's Refrigeration  Ice            0%         4d7       100%        7
 Storm Form               Tmut/Air       0%         N/A       100%        7
 Discord                  Hex            0%         N/A       100%        8
 Disjunction              Tloc           0%         N/A       100%        8
 Ignition                 Fire           0%         3d3       100%        8
 Lehudib's Crystal Spear  Conj/Erth      0%         10d2      100%        8
 Maxwell's Capacitive Co  Air            0%         ∞         100%        8
 Chain Lightning          Conj/Air       0%         N/A       100%        9
 Fire Storm               Conj/Fire      0%         5d1       100%        9
 Summon Small Mammal      Summ           Unusable   N/A       N/A         1
 Call Imp                 Summ           Unusable   N/A       N/A         2
 Call Canine Familiar     Summ           Unusable   N/A       N/A         3
 Summon Guardian Golem    Hex/Summ       Unusable   N/A       N/A         3
 Tukima's Dance           Hex            Unusable   N/A       N/A         3
 Animate Armour           Summ/Erth      Unusable   N/A       N/A         4
 Summon Ice Beast         Ice/Summ       Unusable   N/A       N/A         4
 Summon Lightning Spire   Summ/Air       Unusable   N/A       N/A         4
 Summon Mana Viper        Hex/Summ       Unusable   N/A       N/A         5
 Death Channel            Necr           Unusable   N/A       N/A         6
 Spellforged Servitor     Conj/Summ      Unusable   N/A       N/A         7

Dungeon Overview and Level Annotations

Branches:
Dungeon (15/15)            Temple (1/1) D:7            Lair (5/5) D:10
 Shoals (4/4) Lair:2        Snake (4/4) Lair:2        Slime (5/5) Lair:4
    Orc (2/2) D:11            Elf (3/3) Orc:2        Vaults (5/5) D:13
  Crypt (3/3) Vaults:3       Tomb (0/3) Crypt:3      Depths (4/4) D:15
   Hell (visited)             Coc (0/7) Hell            Zot (0/5) Depths:4
  IceCv (visited)         Gauntlet (visited)
    Dis: Hell:1         Geh: Hell:1         Tar: Hell:1

Altars:
Ashenzari
Cheibriados
Dithmenos
Elyvilon
Hepliaklqana
Kikubaaqudgha
Makhleb
Okawaru
Qazlal
Ru
Sif Muna
Trog
Uskayaw
Wu Jian
Xom
Yredelemnul
Zin
The Shining One
Jiyva

Shops:
D:10 [?=((   D:12 !   D:13 *   D:14 [   Orc:2 *([!(   Elf:1 !   Elf:2 :*[!
Snake:3 [*   Snake:4 *   Vaults:2 [   Vaults:3 *

Portals:
Hell: Depths:1 Depths:2 Depths:3 Depths:4
Abyss: Depths:1 Depths:3
Pandemonium: Depths:2

Annotations:
D:12 Casa
Hell Geryon


Innate Abilities, Weirdness & Mutations

You have a pair of horns on your head.
You reflexively headbutt those who attack you in melee.
You are partially covered in iridescent scales. (AC +2)
You have a somewhat thin skeletal structure. (Dex +2, Stealth+)
Your muscles are strong. (Str +4, Int/Dex -1)


Message History

You block the bennu's attack. The bennu claws you!
* * * LOW HITPOINT WARNING * * *
Aiming: Duel (0% risk of failure)
Press: ? - help, Dir - move target, f - royal mummy
Aim: a royal mummy You enter into single combat with the royal mummy!
The emperor scorpion disappears in a puff of smoke! x3
You enter Okawaru's Arena!
The spectator shouts! x10
Found a gate leading back out of this place.
There is an empty arch of ancient stone here.
You slice the royal mummy!! You headbutt the royal mummy!
The royal mummy is moderately damaged.
The royal mummy points at you and mumbles some strange words.
Something smites you!
* * * LOW HITPOINT WARNING * * *
You slice the royal mummy!!
The royal mummy is moderately damaged.
You feel much better. You block the royal mummy's attack.
You slice the royal mummy!!
The royal mummy is heavily damaged.
You hit the royal mummy.
The Singing Sword hits the concert pitch.
You send a blast of sound all around you.
The royal mummy is heavily damaged. x2
The royal mummy gestures at you while chanting.
Something smites you!
* * * LOW HITPOINT WARNING * * *
You hit the royal mummy but do no damage.
The royal mummy is heavily damaged.
The spectator jeers loudly at you.
You slice the royal mummy!! You headbutt the royal mummy!
The royal mummy is almost destroyed.
You slash the royal mummy! You headbutt the royal mummy!!
You destroy the royal mummy!
Okawaru accepts your kill. Okawaru crowns you victorious!
An exit appears.
You feel extremely nervous for a moment...
Pain shoots through your body!!
You die...

###########
#.p.ppp...#
#.▓▓▓▓▓▓▓.#
#p▓.....▓p#
#▓▓.....▓p#
#∩○..@..▓p#
#▓▓.....▓p#
#p▓.....▓p#
#.▓▓▓▓▓▓▓.#
#.p.ppp...#
###########


There were no monsters in sight!

Vanquished Creatures
  the Royal Jelly (Slime:5)
  2 dread liches (Vaults:5)
  Mara (Vaults:4)
  2 ancient liches
  The ghost of Peloso the Minotaur Barricade, a legendary MiFi of Okawaru (Zig:8)
  The ghost of NiggerDarts5 the Evocator, a legendary HuFi of Xom (Zig:8)
  6 juggernauts
  A royal mummy (Arena)
  Boris (thrice) (Vaults:4 Depths:3 Depths:4)
  Vv (Depths:3)
  A pandemonium lord (Zig:13)
  Saint Roka (Snake:4)
  Vashnia (Snake:2)
  6 golden dragons
  5 caustic shrikes
  Nikola (Snake:2)
  3 bone dragons
  the Enchantress (Depths:2)
  A Brimstone Fiend (Zig:13)
  2 Tzitzimimeh
  2 profane servitors (Crypt:3)
  2 Ice Fiends (Zig:13)
  4 tentacled monstrosities
  A walking crystal tome (Depths:2)
  A walking frostbound tome (Depths:1)
  6 deep elf blademasters
  2 walking divine tomes
  7 quicksilver dragons
  2 deep elf master archers
  4 liches
  8 titans
  18 acid blobs
  Asterion (Snake:4)
  5 tentacled starspawn
  Frances (Shoals:2)
  An ancient champion (Crypt:1)
  A kraken (Shoals:1)
  Kirke (Shoals:2)
  9 tengu reavers
  4 storm dragons
  A sphinx (shapeshifter) (Depths:3)
  8 sphinxes
  The ghost of ripuliukko the Earth Mage, an adept GrEE of Vehumet (Shoals:2)
  2 shadow dragons (Zig:8)
  3 draconian monks
  22 nagarajas
  3 draconian knights
  8 fire giants
  Donald (Slime:4)
  2 demonspawn warmongers (Zig:13)
  12 frost giants
  4 revenants
  11 rockslimes
  13 azure jellies
  7 deep elf sorcerers
  A draconian scorcher (Zig:4)
  14 vault wardens
  A caustic shrike zombie (Crypt:3)
  4 draconian shifters
  9 orc warlords
  2 draconian stormcallers
  Aizul (Snake:4)
  7 ghouls (Crypt:3)
  A juggernaut zombie (Crypt:3)
  2 iron dragons
  17 ironbound preservers
  6 curse skulls
  3 deep elf elementalists
  A cacodemon (Zig:12)
  7 spriggan defenders
  2 balrugs
  5 ironbound thunderhulks
  18 quicksilver oozes
  20 very ugly things
  4 draconian annihilators
  2 war gargoyles
  A demonspawn black sun (Zig:13)
  3 reapers
  A caustic shrike skeleton (Depths:1)
  3 demonspawn corrupters
  An elemental wellspring (Depths:2)
  28 stone giants
  7 vampire knights
  10 deep elf demonologists
  A purple draconian (Depths:4)
  2 eleionomae (Shoals:4)
  2 green draconians
  Azrael (Elf:2)
  A minotaur (Gauntlet)
  2 red draconians
  A black draconian (Depths:4)
  7 entropy weavers
  18 spark wasps
  32 dire elephants
  2 lorocyprocas
  18 deep elf annihilators
  7 white draconians
  3 blizzard demons
  6 yellow draconians
  3 green deaths
  14 eidola
  An ettin (shapeshifter) (Vaults:5)
  11 ettins
  9 merfolk impalers
  6 merfolk javelineers
  2 crystal guardians
  10 deep elf death magi
  19 yaktaur captains
  Josephine (Lair:4)
  A peacekeeper (Vaults:3)
  6 jiangshi
  7 fire dragons
  10 great orbs of eyes
  30 vault guards
  Fannar (Lair:2)
  The ghost of alexxx the Convoker, a journeyman FeSu of Gozag (D:15)
  16 ice dragons
  3 mummy priests
  10 hydras
  18 salamander tyrants
  13 deep elf high priests
  A ghost crab (Zig:8)
  2 spriggan zombies
  5 rakshasas
  13 ironbound frosthearts
  6 boulder beetles
  10 merfolk aquamancers
  2 merfolk avatars
  A hell beast (Zig:13)
  6 spriggan air magi
  5 death knights
  A fenstrider witch zombie (Crypt:3)
  2 catoblepae
  11 centaur warriors
  5 ogre magi
  3 alligator snapping turtles (Shoals:4)
  7 anacondas
  19 two-headed ogres
  29 dancing weapons
  17 death yaks
  A bennu skeleton (Crypt:2)
  6 satyrs
  2 deep troll earth magi
  12 tengu warriors
  16 naga warriors
  4 thrashing horrors
  11 orc high priests
  21 naga sharpshooters
  8 deep troll shamans
  4 vampire magi
  A shock serpent (shapeshifter) (Depths:1)
  8 shock serpents
  A titan zombie (Crypt:1)
  6 sun demons
  6 spriggan berserkers
  19 deep elf knights
  A sixfirhy (Depths:1)
  2 soul eaters (Crypt:1)
  6 hell knights
  9 salamander mystics
  A bunyip zombie (Crypt:3)
  17 skeletal warriors
  A storm dragon zombie (Crypt:3)
  Amaemon (Lair:2)
  7 iron trolls
  5 wretched stars
  2 spatial maelstroms (Zig:10)
  2 shadow wraiths
  2 cherubim (Zig:1)
  2 spark wasp zombies (Depths:3)
  20 sea snakes
  A shadow demon (Zig:13)
  49 deep trolls
  6 wizards
  9 orange crystal statues
  8 flayed ghosts
  A quicksilver dragon simulacrum (Vaults:5)
  7 deep elf archers
  2 spriggan simulacra
  An orb spider (shapeshifter) (D:15)
  19 phantasmal warriors
  6 glowing orange brains
  14 lindwurms
  12 naga ritualists
  A golden dragon skeleton (Depths:2)
  13 necromancers
  38 harpies
  An obsidian statue (Zig:18)
  17 ironbound convokers
  A shadow dragon zombie (Crypt:1)
  18 orc knights
  35 deep elf pyromancers
  A wolf spider (shapeshifter) (Depths:3)
  A mana viper (shapeshifter) (Depths:3)
  19 deep elf zephyrmancers
  75 ugly things
  13 mana vipers
  3 iron dragon zombies
  8 orc sorcerers
  9 cyclopes
  A wolf spider (D:15)
  31 fauns
  7 shining eyes
  2 frost giant zombies
  3 oklob plants (Lair:4)
  21 manticores
  9 moths of wrath
  A jorogumo skeleton (Crypt:2)
  6 elephants (Lair:5)
  2 dire elephant zombies (Crypt:3)
  10 merfolk sirens
  A sphinx skeleton (Crypt:1)
  14 salamanders
  21 naga magi
  A centaur zombie (Crypt:3)
  Maurice (Orc:1)
  7 large abominations
  19 vault sentinels
  12 guardian serpents
  3 ice statues
  A fire giant skeleton (Depths:2)
  10 water nymphs
  47 black mambas
  A cane toad (shapeshifter) (D:11)
  An eye of devastation (Slime:1)
  5 smoke demons
  6 torpor snails
  16 cane toads
  5 gargoyles
  An unseen horror (D:12)
  2 orange demons
  2 hellions
  7 komodo dragons
  Maggie (D:8)
  14 rime drakes
  38 yaktaurs
  4 kobold demonologists
  10 freezing wraiths
  A yaktaur (shapeshifter) (D:11)
  5 ice devils
  7 guardian mummies
  11 tengu conjurers
  12 polar bears
  A shadow dragon simulacrum (Hell)
  A queen bee (Lair:4)
  19 trolls
  A meliai (shapeshifter) (Vaults:5)
  3 meliai (Lair:4)
  42 merfolk
  9 harpy zombies
  A tarantella (shapeshifter) (Vaults:5)
  A wolf spider simulacrum (Gauntlet)
  10 hornets
  3 raiju
  A harpy skeleton (Crypt:2)
  A tarantella (Vaults:2)
  11 dream sheep
  4 tyrant leeches
  4 wind drakes
  A raiju (shapeshifter) (Vaults:5)
  A merfolk zombie (Crypt:3)
  20 blink frogs
  An ettin zombie (Crypt:2)
  78 slime creatures
  12 snapping turtles
  Sigmund (D:4)
  A snapping turtle (shapeshifter) (Depths:1)
  A flying skull (Zig:19)
  A deep troll zombie (Vaults:5)
  A stone giant simulacrum (Depths:2)
  4 centaur simulacra
  4 shadows
  2 ynoxinuls (Zig:13)
  6 jumping spiders (Crypt:3)
  An ushabti (Zig:19)
  A vampire (D:9)
  3 spriggans (Depths:2)
  6 air elementals
  24 water elementals
  Eustachio (D:4)
  4 basilisks
  7 hogs (Shoals:2)
  52 yaks
  18 wraiths
  A dire elephant simulacrum (D:14)
  7 redbacks
  4 vampire mosquitoes
  5 wyverns
  2 golden eyes
  A steam dragon (D:8)
  6 fire elementals
  A basilisk (shapeshifter) (Zig:16)
  3 neqoxecs
  2 minotaur simulacra (D:14)
  2 swamp worms (Gauntlet)
  11 wargs
  2 harpy simulacra
  37 nagas
  A naga zombie (Crypt:3)
  5 acid dragons
  A hydra simulacrum (Gauntlet)
  2 floating eyes
  3 hell hounds (Elf:2)
  25 water moccasins
  A floating eye (shapeshifter) (Zig:16)
  A human skeleton (Vaults:5)
  Duvessa (D:5)
  52 orc warriors
  2 sky beasts
  A black bear (D:4)
  A black bear (shapeshifter) (D:11)
  A human zombie (Vaults:5)
  26 ogres
  6 boggarts
  6 centaurs
  9 wolves
  A phantom (Crypt:3)
  3 kobold brigands
  3 earth elementals
  13 necrophages (Crypt:3)
  16 bullfrogs
  7 wyvern skeletons (Crypt:3)
  A gnoll sergeant (D:5)
  2 scorpions (D:5)
  A glowing shapeshifter simulacrum (Vaults:5)
  A draconian skeleton (Crypt:1)
  A deep troll simulacrum (D:14)
  6 wights
  Dowan (D:5)
  A water moccasin skeleton (Crypt:1)
  25 killer bees
  2 lindwurm simulacra (D:14)
  A howler monkey (D:6)
  An electric eel (Lair:3)
  A wolf zombie (Crypt:1)
  2 crimson imps (Depths:1)
  A basilisk zombie (Crypt:2)
  A jelly (D:6)
  17 starcursed masses
  3 hounds
  Crazy Yiuf (D:5)
  A centaur skeleton (Crypt:2)
  27 orc priests
  Ijyb (D:5)
  A black bear skeleton (Crypt:2)
  A basilisk skeleton (Crypt:2)
  3 iguanas
  16 orc wizards
  5 hell rats (Lair:3)
  2 boggart simulacra
  5 mummies (Zig:19)
  8 adders
  8 gnolls
  A shadow imp (D:7)
  2 white imps
  An ufetubus (D:6)
  An adder skeleton (Crypt:1)
  A lava snake skeleton (Crypt:1)
  A worm (D:2)
  3 dart slugs
  92 orcs
  9 endoplasms
  4 giant cockroaches
  10 goblins
  7 hobgoblins
  4 jackals (D:1)
  6 quokkas
  5 ball pythons
  4 bats
  10 frilled lizards
  14 kobolds
  10 rats
  10 starspawn tentacles (Zig:12)
  4 tentacles (Shoals:1)
  2 withered plants (Crypt:3)
2793 creatures vanquished.

Vanquished Creatures (others)
  A storm dragon (Depths:2)
  A boulder beetle (D:11)
  A naga warrior (Zig:18)
  A merfolk aquamancer (Shoals:2)
  A deep elf knight (Elf:3)
  A deep elf archer (Zig:16)
  A deep elf pyromancer (Zig:16)
  A deep elf zephyrmancer (Elf:2)
  A merfolk (Shoals:1)
  An air elemental (Zig:16)
  2 water elementals
  37 fungi
  232 plants
  8 starspawn tentacles
  3 tentacles (Shoals:1)
  6 withered plants (Crypt:3)
298 creatures vanquished.

Grand Total: 3091 creatures vanquished

Notes
Turn   | Place    | Note
-------+----------+-------------------------------------------
     0 | D:1      | Peloso the Minotaur Fighter began the quest for the Orb.
     0 | D:1      | Reached XP level 1. HP: 19/19 MP: 0/0
   247 | D:1      | Reached XP level 2. HP: 27/27 MP: 1/1
   443 | D:1      | Reached XP level 3. HP: 6/33 MP: 2/2
  1246 | D:2      | Reached skill level 1 in Dodging
  1440 | D:2      | Found a faded altar of an unknown god.
  1551 | D:2      | Reached XP level 4. HP: 38/40 MP: 3/3
  2758 | D:3      | Reached XP level 5. HP: 37/47 MP: 4/4
  2892 | D:4      | Noticed a black bear
  2900 | D:4      | Killed a black bear
  2901 | D:4      | Reached skill level 5 in Long Blades
  2901 | D:4      | Reached skill level 5 in Armour
  2990 | D:4      | Reached XP level 6. HP: 55/55 MP: 5/5
  3044 | D:4      | Noticed Sigmund
  3241 | D:4      | Found an ornate altar of the Wu Jian Council.
  3285 | D:4      | Noticed Eustachio
  3391 | D:4      | Killed Eustachio
  3392 | D:4      | Reached skill level 5 in Fighting
  3578 | D:4      | Killed Sigmund
  3579 | D:4      | Reached skill level 5 in Shields
  3579 | D:4      | Reached XP level 7. HP: 56/61 MP: 6/6
  3788 | D:5      | Entered Level 5 of the Dungeon
  3834 | D:5      | Noticed Ijyb
  3843 | D:5      | Killed Ijyb
  3893 | D:5      | Found a runed translucent door.
  3894 | D:5      | Noticed Crazy Yiuf
  3900 | D:5      | Killed Crazy Yiuf
  3937 | D:5      | Noticed Duvessa
  3949 | D:5      | Noticed Dowan
  3956 | D:5      | Killed Duvessa
  3958 | D:5      | Killed Dowan
  4206 | D:5      | Reached XP level 8. HP: 69/69 MP: 7/7
  5368 | D:7      | Found a staircase to the Ecumenical Temple.
  5402 | Temple   | Entered the Ecumenical Temple
  5533 | Temple   | Became a worshipper of Warmaster Okawaru
  5566 | D:7      | Reached XP level 9. HP: 75/75 MP: 8/8
  6506 | D:7      | Reached * piety under Okawaru
  6610 | D:8      | Noticed Maggie
  6628 | D:8      | Killed Maggie
  6629 | D:8      | Reached skill level 10 in Long Blades
  7328 | D:9      | Reached ** piety under Okawaru
  7447 | D:9      | Reached skill level 1 in Stealth
  7668 | D:9      | Reached XP level 10. HP: 86/86 MP: 9/9
  7731 | D:9      | Noticed a green ugly thing
  7735 | D:9      | Noticed a two-headed ogre
  7751 | D:9      | Killed a green ugly thing
  7797 | D:9      | Killed a two-headed ogre
  7797 | D:9      | Reached *** piety under Okawaru
  8100 | D:9      | Noticed a two-headed ogre
  8104 | D:9      | Killed a two-headed ogre
  8105 | D:9      | Reached skill level 10 in Armour
  8105 | D:9      | Reached skill level 1 in Invocations
  8154 | D:10     | Entered Level 10 of the Dungeon
  8401 | D:10     | Received a gift from Okawaru
  8411 | D:10     | Found Qaplunau's Antique Armour Boutique.
  8417 | D:10     | Found Ilosots's Jewellery Shoppe.
  8453 | D:10     | Noticed a death yak
  8478 | D:10     | Killed a death yak
  8478 | D:10     | Reached **** piety under Okawaru
  8519 | D:10     | Noticed a death yak
  8685 | D:9      | Killed a death yak
  8686 | D:9      | Reached XP level 11. HP: 80/97 MP: 10/10
  8727 | D:10     | Noticed a death yak
  8752 | D:10     | Killed a death yak
  8822 | D:10     | Found Tipliech's Antique Weapon Boutique.
  8891 | D:10     | Reached ***** piety under Okawaru
  8962 | D:10     | Found Vupsim's Weapon Shoppe.
  8967 | D:10     | Found Huqidid's Magic Scroll Boutique.
  9050 | D:10     | Found a staircase to the Lair.
  9067 | Lair:1   | Entered Level 1 of the Lair of Beasts
  9254 | Lair:1   | Noticed a death yak
  9267 | Lair:1   | Noticed a death yak
  9268 | Lair:1   | Noticed a death yak
  9269 | Lair:1   | Noticed a death yak
  9271 | Lair:1   | Noticed a death yak
  9272 | Lair:1   | Noticed a death yak
  9289 | D:10     | Killed a death yak
  9289 | D:10     | Received a gift from Okawaru
  9305 | D:10     | Killed a death yak
  9306 | D:10     | Reached skill level 10 in Fighting
  9401 | D:10     | Killed a death yak
  9408 | D:10     | Killed a death yak
  9416 | D:10     | Killed a death yak
  9427 | D:10     | Killed a death yak
  9644 | Lair:1   | Reached XP level 12. HP: 105/107 MP: 12/12
  9704 | Lair:1   | Received a gift from Okawaru
 10105 | D:10     | Bought a fading plate armour for 840 gold pieces
 10105 | D:10     | Identified the +3 plate armour of the Poles {+Blink Int+2
                  | SInv} (You bought it in a shop on level 10 of the Dungeon)
 10182 | Lair:2   | Noticed a death yak
 10182 | Lair:2   | Noticed a death yak
 10182 | Lair:2   | Noticed a death yak
 10209 | Lair:2   | Killed a death yak
 10210 | Lair:2   | Reached skill level 10 in Shields
 10222 | Lair:2   | Killed a death yak
 10222 | Lair:2   | Received a gift from Okawaru
 10227 | Lair:2   | Killed a death yak
 10227 | Lair:2   | Received a gift from Okawaru
 10246 | Lair:2   | Reached skill level 15 in Long Blades
 10251 | Lair:2   | Reached ****** piety under Okawaru
 10359 | Lair:2   | Found a staircase to the Snake Pit.
 10383 | Lair:2   | Identified the +2 hat of Ymmosche {Int+2} (Okawaru gifted
                  | it to you on level 2 of the Lair of Beasts)
 10383 | Lair:2   | Received a gift from Okawaru
 10394 | Lair:2   | Noticed Amaemon
 10405 | Lair:2   | Killed Amaemon
 10741 | Lair:2   | Noticed Fannar
 10759 | Lair:2   | Killed Fannar
 10774 | Lair:2   | Reached XP level 13. HP: 78/118 MP: 13/13
 11152 | Lair:2   | Found a staircase to the Shoals.
 11336 | Lair:3   | Reached skill level 5 in Dodging
 11913 | Lair:3   | Reached skill level 1 in Maces & Flails
 12516 | D:11     | Received a gift from Okawaru
 12517 | D:11     | Found a flickering gateway to a bazaar.
 12556 | Bazaar   | Entered a bazaar
 12556 | Bazaar   | Found Miss's Assorted Antiques.
 12579 | Bazaar   | Found Kaedaor's Assorted Antiques.
 12589 | Bazaar   | Found Miotedd's Magic Scroll Boutique.
 12599 | Bazaar   | Found Bef Pain's Distillery.
 12602 | Bazaar   | Found Sujori's Jewellery Boutique.
 12661 | Bazaar   | Bought a scroll labelled FODUZE IRETT for 30 gold pieces
 12722 | Bazaar   | Bought a scroll of brand weapon for 114 gold pieces
 13226 | D:11     | Found a staircase to the Orcish Mines.
 13380 | D:11     | Reached skill level 15 in Armour
 13392 | D:11     | Identified the +5 pair of boots "Lueduski" {rF+ Str+2}
                  | (Okawaru gifted it to you on level 11 of the Dungeon)
 13392 | D:11     | Received a gift from Okawaru
 14227 | D:12     | Reached XP level 14. HP: 130/130 MP: 15/15
 14251 | D:12     | Found Juow's Distillery.
 14290 | D:12     | Found a gate leading to a gauntlet.
 14350 | Gauntlet | Entered a Gauntlet
 14350 | Gauntlet | Found a transporter.
 14350 | Gauntlet | Found a transporter.
 14368 | Gauntlet | Found a transporter.
 14370 | Gauntlet | Found a transporter.
 14372 | Gauntlet | Found a large runed translucent door.
 14373 | Gauntlet | Found a large runed translucent door.
 14374 | Gauntlet | Found a large runed translucent door.
 14374 | Gauntlet | Found a large runed translucent door.
 14374 | Gauntlet | Found a runed translucent door.
 14374 | Gauntlet | Found a runed translucent door.
 14375 | Gauntlet | Found a large runed translucent door.
 14375 | Gauntlet | Found a large runed translucent door.
 14375 | Gauntlet | Found a large runed translucent door.
 14375 | Gauntlet | Found a large runed translucent door.
 14376 | Gauntlet | Found a large runed translucent door.
 14377 | Gauntlet | Found a large runed translucent door.
 14378 | Gauntlet | Found a large runed translucent door.
 14378 | Gauntlet | Found a large runed translucent door.
 14379 | Gauntlet | Found a large runed translucent door.
 14379 | Gauntlet | Found a large runed translucent door.
 14379 | Gauntlet | Found a large runed translucent door.
 14379 | Gauntlet | Found a large runed translucent door.
 14382 | Gauntlet | Found a runed translucent gate.
 14382 | Gauntlet | Found a runed translucent gate.
 14382 | Gauntlet | Found a runed translucent gate.
 14384 | Gauntlet | Found a transporter.
 14384 | Gauntlet | Identified a scroll of acquirement
 14388 | Gauntlet | Found a transporter.
 14406 | Gauntlet | Found a transporter.
 14486 | Gauntlet | Found a transporter.
 14487 | Gauntlet | Found a transporter.
 14500 | Gauntlet | Found a transporter.
 14504 | Gauntlet | Found a transporter.
 14519 | Gauntlet | Found a transporter.
 14659 | Gauntlet | Got the Lectures on the Gritty Nimbus
 14816 | Gauntlet | Identified the +4 triple crossbow of the Desert {elec, rC+
                  | Str+4 Int+3 Dex+3}
 14841 | Gauntlet | Acquired 800 gold pieces
 15234 | D:12     | Identified the +1 robe "Georchew" {Stlth+ Archmagi}
 15546 | Orc:1    | Entered Level 1 of the Orcish Mines
 15546 | Orc:1    | Noticed Maurice
 15559 | Orc:1    | Killed Maurice
 15689 | Orc:2    | Entered Level 2 of the Orcish Mines
 15705 | Orc:2    | Received a gift from Okawaru
 15733 | Orc:2    | Found Dapoith's Weapon Shoppe.
 15738 | Orc:2    | Noticed an orc warlord
 15858 | Orc:1    | Killed an orc warlord
 16054 | Orc:2    | Found a staircase to the Elven Halls.
 16476 | Orc:2    | Identified the +3 hat of Okawaru's Favour {Will+} (Okawaru
                  | gifted it to you on level 2 of the Orcish Mines)
 16476 | Orc:2    | Received a gift from Okawaru
 16477 | Orc:2    | Reached skill level 15 in Fighting
 16553 | Orc:2    | Found Timimp's Armour Shop.
 16554 | Orc:2    | Found Rodengul's Assorted Antiques.
 16568 | Orc:2    | Found Xoceywudeb's Distillery.
 16608 | Orc:2    | Found Wacwim's Antique Weapon Shop.
 16641 | Orc:2    | Bought the +2 plate armour of Qazlal's Whim {rPois Str+5}
                  | for 547 gold pieces
 17069 | Orc:1    | You fall into a shaft and drop 1 floor!
 17988 | D:13     | Found Juupe's General Store.
 17997 | D:13     | Bought a scroll of identify for 26 gold pieces
 18253 | D:13     | Reached XP level 15. HP: 137/141 MP: 16/16
 18269 | D:13     | Found a gate to the Vaults.
 19227 | Lair:4   | Received a gift from Okawaru
 19547 | Lair:4   | Noticed Josephine
 19670 | Lair:4   | Killed Josephine
 19780 | Lair:4   | Found a staircase to the Slime Pits.
 19780 | Lair:4   | Found a viscous altar of Jiyva.
 20620 | Lair:5   | Entered Level 5 of the Lair of Beasts
 20674 | Lair:4   | Reached skill level 5 in Maces & Flails
 20776 | Lair:5   | Received a gift from Okawaru
 20776 | Lair:5   | Found the +7 Singing Sword {vorpal, sonic wave}
 20807 | Lair:5   | Identified the +7 short sword "Xofouvibb" {flame, Will+
                  | Int+3}
 21195 | Lair:5   | Found a runed translucent door.
 21272 | Lair:5   | Received a gift from Okawaru
 21685 | Lair:5   | Reached skill level 15 in Shields
 21823 | Lair:5   | Identified the +4 quarterstaff "Ratach" {flame, Will+}
 22497 | D:14     | Found a frozen archway.
 22630 | IceCv    | Entered an ice cave
 22763 | IceCv    | Reached XP level 16. HP: 64/155 MP: 17/17
 23125 | IceCv    | Received a gift from Okawaru
 23357 | IceCv    | Found the +2 Maxwell's thermic engine {flame, freeze}
 23652 | D:14     | Found a broken altar of Ashenzari.
 23698 | D:14     | Found Osut's Armour Emporium.
 24156 | D:14     | Found a hide-covered altar of Uskayaw.
 24262 | D:15     | Entered Level 15 of the Dungeon
 24371 | D:15     | Found a transporter.
 24380 | D:15     | Found a bloodstained altar of Trog.
 24380 | D:15     | Noticed alexxx's ghost (journeyman FeSu)
 24459 | D:15     | Found a transporter.
 24621 | D:15     | Identified the +0 robe "Boirgh" {Drain rElec rF+ rC+}
 24836 | D:15     | Found a staircase to the Depths.
 25066 | D:15     | Killed alexxx's ghost
 25206 | D:15     | Identified the +5 demon trident "Worm's Wrath" {antimagic,
                  | rPois rF- Str+8 Dex-5} (Okawaru gifted it to you on level
                  | 15 of the Dungeon)
 25206 | D:15     | Received a gift from Okawaru
 25258 | D:15     | Identified the +0 helmet of Distant Worlds {Fly rN+++ Str-4
                  | Dex-2}
 25482 | Snake:1  | Entered Level 1 of the Snake Pit
 26084 | Snake:2  | Reached XP level 17. HP: 166/166 MP: 18/18
 26126 | Snake:2  | Received a gift from Okawaru
 26140 | Snake:2  | Noticed Vashnia
 26186 | Snake:2  | Killed Vashnia
 26416 | Snake:2  | Noticed Nikola
 26479 | Snake:2  | Killed Nikola
 27696 | Snake:3  | Found Buihuy's Assorted Antiques.
 27702 | Snake:3  | Found Vappusk's Antique Armour Shoppe.
 27704 | Snake:3  | Bought a scroll of blinking for 157 gold pieces
 27710 | Snake:3  | Bought a faintly glowing plate armour for 1064 gold pieces
 27710 | Snake:3  | Identified the +0 plate armour "Coug Risch" {rElec rCorr
                  | Int+4 Dex-5} (You bought it in a shop on level 3 of the
                  | Snake Pit)
 27946 | Snake:3  | Found a transporter.
 28035 | Snake:3  | Found a transporter.
 28464 | Snake:3  | Found a gateway to a bazaar.
 28718 | Bazaar   | Entered a bazaar
 28720 | Bazaar   | Found Rielet's Assorted Antiques.
 28728 | Bazaar   | Found Rucsang's Weapon Shop.
 28750 | Bazaar   | Found Waoqy's Antique Armour Boutique.
 28757 | Bazaar   | Found Asystool's Armour Shoppe.
 28826 | Snake:3  | Noticed a Tzitzimitl
 29025 | Snake:3  | Killed a Tzitzimitl
 29272 | Snake:3  | Identified the ring of Neahuwo {rF++ rC+ rN+}
 29282 | Snake:3  | Identified the ring of Quhok {MP+9 SInv}
 29290 | Snake:3  | Got the Lessons on Ensorcelling and Damage Dealing
 29436 | Shoals:1 | Entered Level 1 of the Shoals
 29443 | Shoals:1 | Noticed a kraken
 29454 | Shoals:1 | Identified the +3 crystal plate armour "Xeewk" {rElec rF+
                  | Int-2} (Okawaru gifted it to you on level 1 of the Shoals)
 29454 | Shoals:1 | Received a gift from Okawaru
 29457 | Shoals:1 | Killed a kraken
 30621 | Snake:3  | Bought a pair of glowing boots for 285 gold pieces
 30803 | Shoals:2 | Received a gift from Okawaru
 31071 | Shoals:2 | Reached XP level 18. HP: 108/178 MP: 19/19
 31241 | Shoals:2 | Noticed Kirke
 31241 | Shoals:2 | Noticed Frances
 31261 | Shoals:2 | Killed Frances
 31264 | Shoals:2 | Killed Kirke
 31441 | Shoals:2 | Found a runed translucent gate.
 31442 | Shoals:2 | Found a runed translucent gate.
 31443 | Shoals:2 | Found a runed translucent gate.
 31444 | Shoals:2 | Noticed ripuliukko's ghost (adept GrEE)
 31806 | Shoals:2 | Killed ripuliukko's ghost
 32018 | Shoals:2 | Identified the +0 pair of boots of the Lair of Beasts
                  | {rElec Str+2 Slay+2}
 32090 | Shoals:2 | Identified the +7 hand axe "Tuonoarr" {flame, *Noise rF+
                  | Dex+4} (Okawaru gifted it to you on level 2 of the Shoals)
 32090 | Shoals:2 | Received a gift from Okawaru
 32658 | Shoals:3 | HP: 5/178 [drowned by a water elemental (6)]
 32665 | Shoals:3 | HP: 1/178 [snapping turtle (11)]
 33108 | Shoals:4 | Entered Level 4 of the Shoals
 33380 | Shoals:4 | HP: 8/178 [merfolk javelineer/javelin (12)]
 33577 | Shoals:4 | Identified the +12 hand axe of the Ass {flame, rN+ Str+2}
                  | (Okawaru gifted it to you on level 4 of the Shoals)
 33577 | Shoals:4 | Received a gift from Okawaru
 34014 | Snake:4  | Entered Level 4 of the Snake Pit
 34200 | Snake:4  | Noticed Aizul
 34211 | Snake:4  | Killed Aizul
 34304 | Snake:4  | Found Yhemm's Assorted Antiques.
 34374 | Snake:4  | Identified the +1 cloak "Paxziaph" {rC++} (Okawaru gifted
                  | it to you on level 4 of the Snake Pit)
 34374 | Snake:4  | Received a gift from Okawaru
 34762 | Snake:4  | Noticed Saint Roka
 34768 | Snake:4  | Noticed Asterion
 34784 | Snake:4  | Killed Asterion
 34794 | Snake:4  | Killed Saint Roka
 35011 | Snake:4  | Reached XP level 19. HP: 171/187 MP: 20/20
 35241 | Snake:4  | Found a shadowy altar of Dithmenos.
 35518 | Snake:4  | Got a serpentine rune of Zot
 35975 | Shoals:4 | Got the Incunabulum of Dried Tears
 36614 | Shoals:4 | Identified the +1 tower shield of Dyspraxia {rF+ Int+4
                  | Dex+4} (Okawaru gifted it to you on level 4 of the Shoals)
 36614 | Shoals:4 | Received a gift from Okawaru
 36676 | Shoals:4 | Identified the +2 robe of Vosu {Int+3}
 37147 | Shoals:4 | Got a barnacled rune of Zot
 37805 | Elf:1    | Entered Level 1 of the Elven Halls
 37919 | Elf:1    | Paralysed by an air elemental for 1 turns
 37922 | Elf:1    | Paralysed by an air elemental for 1 turns
 37955 | Elf:1    | Found Naugiv's Distillery.
 37979 | Elf:1    | Bought a potion of heal wounds for 80 gold pieces
 37979 | Elf:1    | Bought a potion of mutation for 128 gold pieces
 38614 | Elf:2    | Found Efarphosh's Distillery.
 38622 | Elf:2    | Identified the +2 scale mail of Guabek {Str+5}
 38714 | Elf:2    | Bought a potion of might for 64 gold pieces
 38723 | Elf:2    | Found Fowyss's Antique Armour Emporium.
 38845 | Elf:2    | Found Zegh's General Store.
 38962 | Elf:2    | Found Fayhoe's Book Shoppe.
 38969 | Elf:2    | Received a gift from Okawaru
 39001 | Elf:2    | Found a runed translucent gate.
 39001 | Elf:2    | Found a runed translucent gate.
 39001 | Elf:2    | Found a runed translucent gate.
 39098 | Elf:3    | Entered Level 3 of the Elven Halls
 39165 | Elf:3    | Paralysed by an air elemental for 1 turns
 40013 | Elf:3    | Reached XP level 20. HP: 142/198 MP: 21/21
 40233 | Elf:3    | Identified the +1 acid dragon scales of the Peculiar
                  | Portals {rF+ rC+ rCorr}
 40903 | Elf:3    | Identified the +0 morningstar "Meoh" {vamp, Str+2 Int+2
                  | Dex-2}
 41130 | Elf:3    | Identified the +6 long sword of Optimality {freeze, rC+}
 41199 | Elf:3    | Identified the +4 great mace of the Real Monster {speed,
                  | rElec rPois rF+}
 41209 | Elf:3    | Identified the +5 sling "Diugyeza" {flame, rF+}
 41210 | Elf:3    | Identified the +2 cloak of the Present {rCorr Int+3}
 41214 | Elf:3    | Identified the amulet "Qaczo" {Reflect Str+3 Int+5 SH+5}
 42174 | Elf:3    | Identified the +2 ring mail of Going Fast {rCorr}
 42397 | Vaults:1 | Entered Level 1 of the Vaults
 42422 | Vaults:1 | Identified the +7 falchion of the Endless March {vorpal,
                  | rC+} (Okawaru gifted it to you on level 1 of the Vaults)
 42422 | Vaults:1 | Received a gift from Okawaru
 43497 | Vaults:1 | Identified the +12 long sword of the Sun {protect, rN+
                  | Int+2} (Okawaru gifted it to you on level 1 of the Vaults)
 43497 | Vaults:1 | Received a gift from Okawaru
 44598 | Vaults:2 | Found Puihet's Antique Armour Shop.
 44603 | Vaults:2 | Bought an ancient chain mail for 294 gold pieces
 44603 | Vaults:2 | Identified the +1 chain mail of Founeapli {+Inv rC+ Str+2
                  | Dex-2} (You bought it in a shop on level 2 of the Vaults)
 44610 | Vaults:2 | Received a gift from Okawaru
 44778 | Vaults:2 | Identified the +7 demon blade of the Puffin {drain, rElec
                  | rCorr Str+4} (Okawaru gifted it to you on level 2 of the
                  | Vaults)
 44778 | Vaults:2 | Received a gift from Okawaru
 44779 | Vaults:2 | Reached XP level 21. HP: 190/209 MP: 23/23
 45845 | Vaults:2 | Identified the +0 hat of Shielding {rF+ rC++ rN+} (Okawaru
                  | gifted it to you on level 2 of the Vaults)
 45845 | Vaults:2 | Received a gift from Okawaru
 47526 | Vaults:3 | Found a huge runed gate.
 47526 | Vaults:3 | Found a huge runed gate.
 47526 | Vaults:3 | Found a huge runed gate.
 47526 | Vaults:3 | Found a huge runed gate.
 47526 | Vaults:3 | Found a huge runed gate.
 47526 | Vaults:3 | Found a huge runed gate.
 47526 | Vaults:3 | Found a huge runed gate.
 47526 | Vaults:3 | Found a huge runed gate.
 47526 | Vaults:3 | Found a huge runed gate.
 47527 | Vaults:3 | Found a huge runed gate.
 47530 | Vaults:3 | Found a huge runed gate.
 47530 | Vaults:3 | Found a huge runed gate.
 47530 | Vaults:3 | Found a huge runed gate.
 47530 | Vaults:3 | Found a huge runed gate.
 47530 | Vaults:3 | Found a huge runed gate.
 47530 | Vaults:3 | Found a huge runed gate.
 47531 | Vaults:3 | Found a huge runed gate.
 47532 | Vaults:3 | Found a huge runed gate.
 47533 | Vaults:3 | Found a huge runed gate.
 47620 | Vaults:3 | Found a huge runed gate.
 47620 | Vaults:3 | Found a huge runed gate.
 47620 | Vaults:3 | Found a huge runed gate.
 47620 | Vaults:3 | Found a huge runed gate.
 47620 | Vaults:3 | Found a huge runed gate.
 47620 | Vaults:3 | Found a huge runed gate.
 47621 | Vaults:3 | Found a huge runed gate.
 47622 | Vaults:3 | Found a huge runed gate.
 47623 | Vaults:3 | Found a huge runed gate.
 47631 | Vaults:3 | Found a huge runed gate.
 47631 | Vaults:3 | Found a huge runed gate.
 47631 | Vaults:3 | Found a huge runed gate.
 47631 | Vaults:3 | Found a huge runed gate.
 47631 | Vaults:3 | Found a huge runed gate.
 47631 | Vaults:3 | Found a huge runed gate.
 47632 | Vaults:3 | Found a huge runed gate.
 47633 | Vaults:3 | Found a huge runed gate.
 48509 | Vaults:3 | Found Xuqeuph's Assorted Antiques.
 48519 | Vaults:3 | Bought a smelly scale mail for 171 gold pieces
 48519 | Vaults:3 | Identified the +5 scale mail of the Silversmith {rPois
                  | Regen+} (You bought it in a shop on level 3 of the Vaults)
 48753 | Vaults:3 | Found a staircase to the Crypt.
 48823 | Vaults:4 | Received a gift from Okawaru
 49301 | Vaults:4 | Noticed Boris
 49312 | Vaults:4 | Killed Boris
 49782 | Vaults:4 | Reached XP level 22. HP: 150/220 MP: 24/24
 50380 | Vaults:4 | Received a gift from Okawaru
 51123 | Vaults:5 | Entered Level 5 of the Vaults
 51442 | Vaults:5 | Noticed Mara
 51473 | Vaults:4 | Identified the +5 scimitar of Valuable Assets {protect,
                  | Contam Fly rPois Str+4} (Okawaru gifted it to you on level
                  | 4 of the Vaults)
 51473 | Vaults:4 | Received a gift from Okawaru
 52126 | Vaults:5 | Noticed Peloso's illusion
 52133 | Vaults:4 | Noticed Peloso's illusion
 52138 | Vaults:4 | Killed Mara
 52415 | Vaults:5 | Reached skill level 27 in Shields
 52455 | Vaults:5 | Noticed a golden dragon
 52471 | Vaults:4 | Killed a golden dragon
 53233 | Vaults:5 | Noticed a dread lich
 53589 | Vaults:5 | Killed a dread lich
 53633 | Vaults:5 | Noticed a golden dragon
 53637 | Vaults:5 | Identified the +0 pair of boots "Umuter Ditau" {rN++ Dex+8}
                  | (Okawaru gifted it to you on level 5 of the Vaults)
 53637 | Vaults:5 | Received a gift from Okawaru
 53647 | Vaults:5 | Killed a golden dragon
 53649 | Vaults:5 | Noticed an ancient lich
 54044 | Vaults:5 | Killed an ancient lich
 54753 | Vaults:5 | Noticed a dread lich
 54754 | Vaults:5 | Identified the ring "Jyobesam" {rPois rF+ Str+2 Int-3 SInv}
 54769 | Vaults:5 | Killed a dread lich
 55567 | Vaults:5 | Reached XP level 23. HP: 215/232 MP: 25/25
 55886 | Vaults:5 | Got a silver rune of Zot
 55892 | Vaults:5 | Identified the +5 dagger of Inference {protect, Drain rElec
                  | rN+}
 56119 | Vaults:5 | Identified the +5 war axe of Lies {freeze, *Rage Str+9
                  | Stlth-}
 56207 | Vaults:5 | Identified the +5 steam dragon scales of Refuge {rPois
                  | Will+ Dex+3}
 56275 | Vaults:5 | Identified the ring "Aciufey" {Will+ Str-2 Int+6 Dex+4
                  | SInv}
 57342 | Elf:2    | Identified the +21 crystal plate armour of Fun and Games
                  | {+Inv Slay+2} (Okawaru gifted it to you on level 2 of the
                  | Elven Halls)
 57342 | Elf:2    | Received a gift from Okawaru
 57450 | Elf:2    | Noticed Azrael
 57461 | Elf:2    | Killed Azrael
 57462 | Elf:2    | Reached skill level 1 in Evocations
 58296 | Crypt:1  | Entered Level 1 of the Crypt
 60285 | Crypt:3  | Entered Level 3 of the Crypt
 60573 | Crypt:3  | Found a basalt altar of Yredelemnul.
 60911 | Crypt:3  | Identified the +10 falchion of Thoughtfulness {antimagic,
                  | rF+ Will+ Dex-2} (Okawaru gifted it to you on level 3 of
                  | the Crypt)
 60911 | Crypt:3  | Received a gift from Okawaru
 60943 | Crypt:3  | Identified the amulet "Xuasiy" {RegenMP *Slow rCorr Int+2}
 61253 | Crypt:3  | Found the +8 Wrath of Trog {antimagic, *Rage Rampage}
 61509 | Crypt:3  | Found a staircase to the Tomb.
 62359 | Crypt:3  | Identified the +5 great sword "Tormentor" {freeze, Drain
                  | rN+ Str+8 Dex-4}
 63131 | Depths:1 | Entered Level 1 of the Depths
 63191 | Depths:1 | Found a one-way gate to the infinite horrors of the Abyss.
 63200 | Depths:1 | Reached XP level 24. HP: 245/245 MP: 25/25
 63249 | Depths:1 | Identified the +3 tower shield of the New World {Dex+9
                  | Slay-5} (Okawaru gifted it to you on level 1 of the Depths)
 63249 | Depths:1 | Received a gift from Okawaru
 63256 | Depths:1 | Noticed a juggernaut
 63258 | Depths:1 | Noticed a juggernaut
 63278 | Depths:1 | Killed a juggernaut
 63281 | Depths:1 | Killed a juggernaut
 64172 | Depths:1 | Identified the +7 dagger of the Unseen Realm {spect, Dex+7}
 64195 | Depths:1 | Reached skill level 27 in Long Blades
 64345 | Depths:1 | You fall into a shaft and drop 1 floor!
 64452 | Depths:2 | Reached skill level 27 in Fighting
 64602 | Depths:1 | Identified the +11 scimitar "Beetleslayer" {holy, rPois rC+
                  | Int+6}
 64810 | Depths:1 | Reached skill level 5 in Invocations
 65534 | Depths:1 | Found a gateway to Hell.
 65914 | Orc:2    | Bought a potion of mutation for 96 gold pieces
 65914 | Orc:2    | Bought a potion of mutation for 96 gold pieces
 65914 | Orc:2    | Bought 2 potions of mutation for 192 gold pieces
 65914 | Orc:2    | Bought a potion of berserk rage for 60 gold pieces
 66154 | Depths:2 | Found a stormy altar of Qazlal.
 66548 | Depths:2 | Gained mutation: You are weak. (Str -2) [a neqoxec]
 66560 | Depths:2 | Found a one-way gate leading to the halls of Pandemonium.
 66570 | Depths:2 | Identified the +6 glaive of Rynk {vorpal, Dex+4}
 66627 | Depths:2 | Found a one-way gateway to a ziggurat.
 66728 | Depths:2 | Received a gift from Okawaru
 66888 | Depths:2 | Identified the +1 robe of Gifuhatutt {MP-9 Str+2 Int+2}
 67705 | Depths:2 | Noticed a juggernaut
 67722 | Depths:2 | Killed a juggernaut
 67723 | Depths:2 | Reached XP level 25. HP: 257/257 MP: 26/26
 67725 | Depths:2 | Noticed the Enchantress
 67745 | Depths:2 | Killed the Enchantress
 68235 | Depths:3 | Received a gift from Okawaru
 68235 | Depths:3 | Found the +3 pair of mountain boots {steadfast, rC+}
 68297 | Depths:3 | Noticed Vv
 68333 | Depths:3 | Killed Vv
 68498 | Depths:3 | Noticed Boris
 68502 | Depths:3 | Killed Boris
 68839 | Depths:3 | Noticed an ancient lich
 68859 | Depths:3 | Killed an ancient lich
 68860 | Depths:3 | Reached skill level 27 in Armour
 68918 | Depths:3 | Identified the -2 pair of boots of the Ladybird {Will+
                  | Dex+2 Slay+3}
 69530 | Depths:3 | Identified the +10 flail "Poecw" {drain, *Slow rElec rF+
                  | rN++}
 69539 | Depths:3 | Identified the +10 flail of Wuadghum {freeze, Contam Str+2
                  | Int+4}
 70136 | Depths:4 | Entered Level 4 of the Depths
 70157 | Depths:4 | Noticed Boris
 70167 | Depths:4 | Killed Boris
 70368 | Depths:4 | Identified the +1 pair of gloves of Zis Gegeluku {rCorr
                  | Stlth+} (Okawaru gifted it to you on level 4 of the Depths)
 70368 | Depths:4 | Received a gift from Okawaru
 70405 | Depths:4 | Reached skill level 10 in Invocations
 70619 | Depths:4 | Found a shimmering altar of Xom.
 70627 | Depths:4 | Found a shimmering altar of Xom.
 70627 | Depths:4 | Found a shimmering altar of Xom.
 70628 | Depths:4 | Found a shimmering altar of Xom.
 70657 | Depths:4 | Found a hide-covered altar of Uskayaw.
 71197 | Depths:4 | Identified the +4 chain mail of Honesty {rF+ rC+ Int+6}
 71198 | Depths:4 | Found a gate to the Realm of Zot.
 71305 | Depths:4 | Got the Precepts of Incandescence
 71696 | Slime:1  | Entered Level 1 of the Pits of Slime
 71698 | Slime:1  | Gained mutation: Armour fits poorly on your strangely
                  | shaped body. [a shining eye]
 71704 | Slime:1  | Gained mutation: You are clumsy. (Dex -2) [a shining eye]
 71742 | Slime:2  | Reached XP level 26. HP: 266/266 MP: 31/31
 71825 | Slime:3  | Gained mutation: You are dopey. (Int -2) [a shining eye]
 71830 | Slime:3  | Gained mutation: Your movements are slightly less
                  | encumbered by armour. (ER -2) [a shining eye]
 71888 | Slime:4  | Noticed Donald
 71912 | Slime:4  | Killed Donald
 72222 | Slime:5  | Entered Level 5 of the Pits of Slime
 72261 | Slime:5  | Gained mutation: You occasionally shout uncontrollably at
                  | your foes. [a shining eye]
 72296 | Slime:5  | Reached skill level 5 in Evocations
 72364 | Slime:5  | Noticed the Royal Jelly
 72387 | Slime:5  | Identified the +6 mace "Josoagg" {speed, Drain rF+++ rC+
                  | Str+2} (Okawaru gifted it to you on level 5 of the Pits of
                  | Slime)
 72387 | Slime:5  | Received a gift from Okawaru
 72403 | Slime:5  | Killed the Royal Jelly
 72500 | Slime:5  | Gained mutation: You are very dopey. (Int -4) [a shining
                  | eye]
 72505 | Slime:5  | Gained mutation: Your spells are a little easier to cast,
                  | but a little less powerful. [a shining eye]
 72908 | Slime:5  | Gained mutation: You occasionally lose the ability to read
                  | scrolls when taking damage. [a shining eye]
 72913 | Slime:5  | Gained mutation: You have hidden genetic defects. [a
                  | shining eye]
 72932 | Slime:5  | Found the +3 Elemental Staff {rElec rF++ rC++ AC+5}
 72935 | Slime:5  | Found the ring of the Hare {EV+8}
 73005 | Slime:5  | Identified the +0 broad axe of the Known World {flame,
                  | *Rage rPois rF+ rC- Will++}
 73006 | Slime:5  | Identified the +3 giant club "Giantslayer" {freeze, Fly
                  | rC+++ Int+4 Dex-5}
 73023 | Slime:5  | Got a slimy rune of Zot
 73024 | Slime:5  | Identified the +7 hand axe "Goblinslayer" {flame, rPois
                  | Int-3 Dex+4 SInv}
 73297 | D:12     | Lost mutation: Armour fits poorly on your strangely shaped
                  | body. [potion of mutation]
 73297 | D:12     | Lost mutation: Your spells are a little easier to cast, but
                  | a little less powerful. [potion of mutation]
 73297 | D:12     | Lost mutation: You have hidden genetic defects. [potion of
                  | mutation]
 73297 | D:12     | Gained mutation: Your body sometimes deteriorates upon
                  | taking damage. [potion of mutation]
 73297 | D:12     | Gained mutation: You have a somewhat thin skeletal
                  | structure. (Dex +2, Stealth+) [potion of mutation]
 73298 | D:12     | Lost mutation: Your movements are slightly less encumbered
                  | by armour. (ER -2) [potion of mutation]
 73298 | D:12     | Lost mutation: You occasionally shout uncontrollably at
                  | your foes. [potion of mutation]
 73298 | D:12     | Gained mutation: You are very clumsy. (Dex -4) [potion of
                  | mutation]
 73298 | D:12     | Gained mutation: You are somewhat resistant to further
                  | mutation. [potion of mutation]
 73299 | D:12     | Lost mutation: Your body sometimes deteriorates upon taking
                  | damage. [potion of mutation]
 73299 | D:12     | Lost mutation: You are weak. (Str -2) [potion of mutation]
 73299 | D:12     | Gained mutation: You are partially covered in iridescent
                  | scales. (AC +2) [potion of mutation]
 73299 | D:12     | Gained mutation: You sometimes lose the ability to read
                  | scrolls when taking damage. [potion of mutation]
 73300 | D:12     | Lost mutation: You are very dopey. (Int -4) [potion of
                  | mutation]
 73300 | D:12     | Lost mutation: You have a somewhat thin skeletal structure.
                  | (Dex +2, Stealth+) [potion of mutation]
 73300 | D:12     | Lost mutation: You are somewhat resistant to further
                  | mutation. [potion of mutation]
 73300 | D:12     | Gained mutation: You are frail. (-10% HP) [potion of
                  | mutation]
 73300 | D:12     | Gained mutation: You have a somewhat thin skeletal
                  | structure. (Dex +2, Stealth+) [potion of mutation]
 73317 | D:12     | Bought a potion of mutation for 136 gold pieces
 73317 | D:12     | Lost mutation: You sometimes lose the ability to read
                  | scrolls when taking damage. [potion of mutation]
 73317 | D:12     | Lost mutation: You occasionally lose the ability to read
                  | scrolls when taking damage. [potion of mutation]
 73317 | D:12     | Gained mutation: You are very dopey. (Int -4) [potion of
                  | mutation]
 73317 | D:12     | Gained mutation: Armour fits poorly on your strangely
                  | shaped body. [potion of mutation]
 73317 | D:12     | Gained mutation: Your flesh is heat resistant. (rF+)
                  | [potion of mutation]
 73331 | D:12     | Lost mutation: You are very clumsy. (Dex -4) [potion of
                  | mutation]
 73331 | D:12     | Lost mutation: You are partially covered in iridescent
                  | scales. (AC +2) [potion of mutation]
 73331 | D:12     | Lost mutation: Armour fits poorly on your strangely shaped
                  | body. [potion of mutation]
 73331 | D:12     | Gained mutation: You are partially covered in large bone
                  | plates. (SH +4) [potion of mutation]
 73331 | D:12     | Lost mutation: Your flesh is heat resistant. (rF+) [potion
                  | of mutation]
 73331 | D:12     | Lost mutation: You are clumsy. (Dex -2) [potion of
                  | mutation]
 73332 | D:12     | Lost mutation: You have a somewhat thin skeletal structure.
                  | (Dex +2, Stealth+) [potion of mutation]
 73332 | D:12     | Lost mutation: You are very dopey. (Int -4) [potion of
                  | mutation]
 73332 | D:12     | Gained mutation: Your muscles are strong. (Str +4, Int/Dex
                  | -1) [potion of mutation]
 73333 | D:12     | Lost mutation: You are frail. (-10% HP) [potion of
                  | mutation]
 73333 | D:12     | Lost mutation: You are partially covered in large bone
                  | plates. (SH +4) [potion of mutation]
 73333 | D:12     | Gained mutation: You are partially covered in iridescent
                  | scales. (AC +2) [potion of mutation]
 73333 | D:12     | Gained mutation: Your skin changes colour to match your
                  | surroundings (Stealth+). [potion of mutation]
 73333 | D:12     | Gained mutation: Your spells are a little harder to cast,
                  | but a little more powerful. [potion of mutation]
 73334 | D:12     | Lost mutation: You are dopey. (Int -2) [potion of mutation]
 73334 | D:12     | Lost mutation: Your skin changes colour to match your
                  | surroundings (Stealth+). [potion of mutation]
 73334 | D:12     | Lost mutation: Your spells are a little harder to cast, but
                  | a little more powerful. [potion of mutation]
 73334 | D:12     | Gained mutation: You have a somewhat thin skeletal
                  | structure. (Dex +2, Stealth+) [potion of mutation]
 74134 | Hell     | Entered the Vestibule of Hell
 74134 | Hell     | Noticed Geryon
 74150 | Hell     | Reached skill level 15 in Invocations
 74229 | Hell     | Found a gateway to the freezing wastes of Cocytus.
 74682 | Zig:1    | Entered Level 1 of a ziggurat
 74717 | Zig:2    | Entered Level 2 of a ziggurat
 74851 | Zig:3    | Entered Level 3 of a ziggurat
 74993 | Zig:4    | Entered Level 4 of a ziggurat
 75042 | Zig:4    | Got Iskenderun's Cyclopedia of Conjury
 75050 | Zig:5    | Entered Level 5 of a ziggurat
 75103 | Zig:5    | Identified the +1 plate armour of the Louse {Int+2 Dex+3}
 75303 | Zig:6    | Entered Level 6 of a ziggurat
 75370 | Zig:6    | Identified the +3 halberd of Hepliaklqana, Mashing {elec,
                  | rPois Int+3 SInv}
 75774 | Zig:7    | Entered Level 7 of a ziggurat
 75781 | Zig:7    | Noticed a juggernaut
 75797 | Zig:7    | Killed a juggernaut
 75809 | Zig:7    | Received a gift from Okawaru
 76086 | Zig:8    | Entered Level 8 of a ziggurat
 76090 | Zig:8    | Noticed Peloso's ghost (legendary MiFi)
 76112 | Zig:8    | Noticed NiggerDarts5's ghost (legendary HuFi)
 76131 | Zig:8    | Killed Peloso's ghost
 76180 | Zig:8    | Killed NiggerDarts5's ghost
 76646 | Zig:8    | Identified the ring "Earthly Heaven" {Ice rElec Str+7 Int-2
                  | Dex+2}
 76648 | Zig:8    | Identified the ring "Bosayzee" {MP+9 Int+3 Slay+2}
 76653 | Zig:8    | Identified the +5 scale mail of the Vestibule of Hell
                  | {+Blink rPois Regen+ Dex-4}
 76866 | Zig:9    | Entered Level 9 of a ziggurat
 77367 | Zig:10   | Entered Level 10 of a ziggurat
 77645 | Zig:11   | Entered Level 11 of a ziggurat
 77675 | Zig:11   | Paralysed by a floating eye for 2 turns
 78058 | Zig:11   | Got Cixaaff's Precepts of Altered Concussion
 78170 | Zig:12   | Entered Level 12 of a ziggurat
 78227 | Zig:12   | Identified the +1 plate armour of Vileh {+Blink rC- Dex+3}
 78235 | Zig:12   | Identified the +5 bardiche "Hikk" {flame, *Noise rElec
                  | rPois}
 78452 | Zig:13   | Entered Level 13 of a ziggurat
 78461 | Zig:13   | Noticed Soiteh the pandemonium lord
 78469 | Zig:13   | Reached XP level 27. HP: 86/273 MP: 26/31
 78471 | Zig:13   | Killed Soiteh the pandemonium lord
 78488 | Zig:13   | Reached skill level 5 in Stealth
 78961 | Zig:13   | Found the macabre finger necklace {rN+}
 79011 | Zig:14   | Entered Level 14 of a ziggurat
 79022 | Zig:14   | Noticed a juggernaut
 79071 | Zig:14   | Killed a juggernaut
 79157 | Zig:14   | Got the Omnibus of the Spellbinding Blaze
 79279 | Zig:15   | Entered Level 15 of a ziggurat
 79303 | Zig:15   | Noticed a juggernaut
 79305 | Zig:15   | Received a gift from Okawaru
 79311 | Zig:15   | Killed a juggernaut
 79364 | Zig:15   | Identified the +6 hand axe of Kioweet {drain, MP+9}
 79547 | Zig:16   | Entered Level 16 of a ziggurat
 79559 | Zig:16   | Paralysed by an air elemental for 1 turns
 79579 | Zig:16   | Found the +8 autumn katana {vorpal, manifold assault}
 79637 | Zig:16   | Identified the +3 trident of the Fray {vamp, rPois Stlth+}
 79641 | Zig:16   | Identified the +2 leather armour of the Trombone {Fly MP+9}
 79822 | Zig:17   | Entered Level 17 of a ziggurat
 79928 | Zig:17   | Found the +4 skin of Zhor {*Englaciate rC+++ SInv}
 79945 | Zig:17   | Identified the +2 sling "Qaimur" {freeze, Fly rN++ Will-
                  | Int+4}
 80241 | Zig:18   | Entered Level 18 of a ziggurat
 80292 | Zig:18   | Received a gift from Okawaru
 80696 | Zig:18   | Identified the +1 ring mail of Gravitas {rElec rPois}
 80702 | Zig:18   | Identified the ring of Happiness {Fly Will- Str+2 Int+4
                  | SInv}
 81084 | Zig:19   | Entered Level 19 of a ziggurat
 81109 | Zig:19   | Noticed a royal mummy
 81110 | Zig:19   | Noticed a royal mummy
 81119 | Arena    | Entered the Arena
 81120 | Arena    | HP: 6/273 [royal mummy/divine providence (10)]
 81127 | Arena    | Killed a royal mummy
 81127 | Arena    | Killed by a royal mummy's death curse

Illustrated notes

Levels and vault maps discovered:
D:1:      dpeg_arrival_radiant, layout_basic
D:2:      minmay_inner_zag, layout_basic, basic_ecumenical_altar
D:3:      minmay_chambers_of_threes, layout_basic
D:4:      layout_cave_pools, nzn_wu_jian_contemplation,
          minmay_stone_trees_small, uniq_eustachio, uniq_sigmund
D:5:      layout_loops_ring, uniq_crazy_yiuf_cottage, uniq_duvessa, uniq_ijyb
D:6:      layout_loops_cross, minivault_25
D:7:      layout_basic, minmay_temple_entry_stoned_glass
D:8:      layout_loops_ring, uniq_maggie
D:9:      minmay_curly_fans, layout_basic
D:10:     layout_rooms, dpeg_lair_monsters, serial_shops, nicolae_shop_crystal,
          nicolae_shop_window_shopping, nicolae_diamond_shop, shop,
          shop_fountains
D:11:     minmay_the_grid_net [minmay_the_grid_garden,
          minmay_the_grid_pillar_ring, minmay_the_grid_large_cup,
          minmay_the_grid_rooms, minmay_the_grid_armoury,
          minmay_the_grid_prize_four_corners], layout_basic, david_orc_2,
          serial_shops, bzr_entry_customers
D:12:     layout_cross, serial_shops, nicolae_shop_crystal,
          gauntlet_entry_generic
D:13:     layout_layer_cave, skrybe_vaults_entry_preservation, serial_rivers,
          chequers_serial_rivers_marsh, chequers_serial_rivers_micro_c,
          chequers_serial_rivers_micro_a, chequers_serial_rivers_small_a,
          chequers_serial_rivers_small_3, chequers_serial_rivers_room_a,
          serial_shops, shop
D:14:     layout_irregular_city, serial_shops, shop,
          portal_ice_cave_entry_ice_simulacra, ashenzari_altar_1,
          nicolae_uskayaw_suspiria
D:15:     hangedman_depths_entry_try_elsewhere_first, layout_long_grid,
          gammafunk_ghost_wrathful_warriors, amcnicky_mini_pool_small,
          chequers_hall_statues_corner_a
Temple:   mainiacjoe_temple_hex_bubbles
Lair:1:   layout_hall_layers
Lair:2:   layout_gridlike, elwin_shoals_entry_rooms,
          minmay_snake_entry_six_corridors, nicolae_quartered_pool_impasse,
          uniq_amaemon, uniq_fannar
Lair:3:   layout_chaotic_city, grunt_megastairs_4, serial_bayou_shore_a
Lair:4:   layout_cave_pods, minmay_slime_entry_oklob_open, special_room
          [special_room_bee], grunt_megastairs_1, uniq_josephine
Lair:5:   wormcave, layout_long_grid, hangedman_lair_in_review,
          grunt_megastairs_2
Shoals:1: cheibrodos_shoals_roost, layout_shoals,
          nicolae_shoals_kraken_intersection
Shoals:2: layout_shoals, gammafunk_ghost_tricky_traps, uniq_kirke, uniq_frances
Shoals:3: layout_shoals
Shoals:4: shoals_end_simple, layout_shoals, nicolae_shoals_enchanted_isle
Snake:1:  layout_cave_shapes
Snake:2:  layout_layer_cave, nicolae_snake_snakes_in_the_grass, uniq_nikola,
          uniq_vashnia
Snake:3:  gammafunk_its_a_trap, layout_chambers, serial_shops, bzr_entry_safe,
          minmay_shoptagon
Snake:4:  hellmonk_snake_rune_quicksilver_temple, layout_cave_town,
          serial_shops, shop_fountains, basic_altar, uniq_asterion,
          uniq_saint_roka, uniq_aizul
Slime:1:  layout_caves
Slime:2:  layout_caves, cheibrodos_slime_lost_civilization_5
Slime:3:  layout_caves
Slime:4:  layout_caves, uniq_donald
Slime:5
Orc:1:    layout_caves, uniq_maurice
Orc:2:    st_orc_open, layout_caves, serial_shops, shop
Elf:1:    layout_rooms, serial_shops, shop, evilmike_minifort
Elf:2:    nicolae_elf_blades_splatter_lattice
          [nicolae_blade_entry_hurt_lockers], layout_geoelf_octagon,
          serial_shops, nicolae_stop_n_shop_2, shop, shop,
          nicolae_shop_waterfront, grunt_ministairs_5, uniq_azrael
Elf:3:    minmay_elf_hall_quartered_circle, layout_loops_ring,
          hangedman_elf_represent
Vaults:1: v_misc_9, vaults_mumra_hexcomb, nicolae_vaults_little_squares_2,
          ontoclasm_vaults_spin, v_misc_13, ontoclasm_vaults_ring_small,
          vaults_dpeg_hooks, nicolae_vaults_angled_halls, layout_vaults_omnigrid
Vaults:2: hangedman_vaults_cutoff, ontoclasm_vaults_ring_large,
          dpeg_vaults_waves, nicolae_vaults_circle_grid_a,
          hangedman_vaults_variations, hangedman_vaults_stitches,
          hangedman_vaults_trim, layout_vaults_chaotic_city, serial_shops,
          nicolae_shop_hallway_plus
Vaults:3: v_pattern_3, door_vault, grunt_vaults_trifunnel, v_misc_13,
          hangedman_vaults_unwind, blue_anna_dwarven_crypt,
          vaults_dpeg_encased_lava, nicolae_vaults_mini_display_case, v_misc_28,
          vaults_dpeg_emergency_exit, nicolae_vaults_little_squares_4,
          vaults_room_door_ring, grunt_vaults_hallway_short, layout_vaults_ring,
          serial_shops, nicolae_lakefront_shop
Vaults:4: nicolae_vaults_little_ls, hangedman_vaults_cutoff, grunt_vaults_swirl,
          vaults_room_octagon, special_room_vaults [special_room_orc], v_misc_5,
          hangedman_vaults_trim, nicolae_vaults_stairing_the_circle,
          nicolae_vaults_circle_grid_b, vaults_room_corners,
          ontoclasm_vaults_gateway, nicolae_vaults_specimen_jars,
          ontoclasm_vaults_ring_small, ontoclasm_vaults_hangar,
          layout_vaults_omnibox, uniq_boris
Vaults:5: serial_shops, uniq_mara
Crypt:1:  layout_misc_corridors, minmay_misc_feat_five,
          grunt_crypt_arrival_split
Crypt:2:  layout_gridlike, grunt_megastairs_3
Crypt:3:  evilmike_haunted_forest
Depths:1: minmay_four_inscribed_fans, layout_basic, lightli_too_deep,
          abyss_entry, minmay_fire_ice_demons
Depths:2: gammafunk_depths_water_palace, layout_gridlike, enter_ziggurat_b,
          serial_sigils, serial_sigils_hangedman_carve,
          serial_sigils_hangedman_gut, serial_sigils_hangedman_gut,
          serial_sigils_hangedman_quiver, hell_entry,
          nicolae_qazlal_scattered_showers, rand_demon_pan_entry_8
Depths:3: hangedman_pleasuredromes, hell_entry, abyss_entry, uniq_vv
Depths:4: grunt_zot_entry_gee_three, layout_cave_pools, hell_entry,
          xom_redecorated, argonaut_fire_from_heaven
Hell
Zig:19
Arena

Skill      XL: |  1  2  3  4  5  6  7  8  9 10 11 12 13 14 15 16 17 18 19 20 21 22 23 24 25 26 27 |
---------------+----------------------------------------------------------------------------------+-----
Shields        | 4 5 6 7 8 9 10 12 13 15 16 18 20 22 24 26 27 | 27.0
Long Blades    | 3 4 5 6 9 10 12 14 15 16 17 18 19 20 21 22 23 24 26 27 | 27.0
Fighting       | 4 5 6 7 9 10 12 13 15 17 18 19 20 21 22 23 24 26 27 | 27.0
Armour         | 4 5 6 7 8 10 12 13 15 17 18 19 20 21 22 25 27 | 27.0
Dodging        | 1 2 3 4 5 6 7 8 |  8.0
Stealth        | 1 2 4 8 |  8.3
Invocations    | 1 2 3 4 6 12 18 21 | 21.6
Maces & Flails | 3 4 5 |  5.0
Evocations     | 1 4 7 9 |  9.5

Action                   |  1- 3 |  4- 6 |  7- 9 | 10-12 | 13-15 | 16-18 | 19-21 | 22-24 | 25-27 || total
-------------------------+-------+-------+-------+-------+-------+-------+-------+-------+-------++-------
Melee: Long sword        |    85 |   173 |   355 |   292 |       |       |       |       |       ||   905
       Headbutt          |     9 |    26 |    72 |   165 |   392 |   342 |   468 |   609 |   488 ||  2571
       Demon blade       |       |       |       |   349 |  1172 |       |       |       |       ||  1521
       Morningstar       |       |       |       |       |    37 |       |       |       |       ||    37
       Double sword      |       |       |       |       |   262 |  1496 |  1591 |  1763 |  1502 ||  6614
Invok: Heroism           |       |       |     3 |    12 |    20 |    18 |     8 |    25 |    12 ||    98
       Duel              |       |       |       |       |       |       |       |       |     1 ||     1
Evoke: Wand              |       |       |       |       |     3 |       |     3 |     3 |     2 ||    11
  Use: Scroll            |     3 |     6 |       |     4 |    13 |    13 |     2 |    10 |     9 ||    60
       Potion            |     3 |     1 |       |       |     5 |    12 |     3 |       |    29 ||    53
 Stab: Invisible         |       |       |       |       |     2 |       |       |       |     1 ||     3
Armor: Scale mail        |    40 |    97 |       |       |       |       |       |       |       ||   137
       Plate armour      |       |       |   135 |   172 |   715 |   668 |   150 |       |       ||  1840
       Ice dragon scales |       |       |       |       |    23 |   119 |       |       |       ||   142
       Crystal plate arm |       |       |       |       |       |       |   511 |   585 |   825 ||  1921
       Gold dragon scale |       |       |       |       |       |       |       |    19 |       ||    19
Dodge: Dodged            |    38 |   157 |   158 |   218 |   851 |   910 |   382 |   360 |   420 ||  3494
Block: Buckler           |    17 |    58 |    87 |   173 |   605 |   132 |       |       |       ||  1072
       Kite shield       |       |       |       |       |       |  1106 |       |       |       ||  1106
       Tower shield      |       |       |       |       |       |   139 |  2124 |  2100 |  2230 ||  6593
       Reflection        |       |       |       |       |       |       |    75 |    63 |   116 ||   254
